 Dungeon Crawl Stone Soup version 0.31-a0-358-gac0dbeb3ab (webtiles) character file.

Game seed: 2598040356391709249

2736 NinjaNoafa the Grappler (level 9, -3/63 HPs)
             Began as a Purple Draconian Shapeshifter on July 25, 2023.
             Was a Follower of Hepliaklqana.
             Slain by a wight
             ... wielding a +4 mace of freezing
              (10 damage)
             ... on level 7 of the Dungeon.
             The game lasted 00:20:19 (5916 turns).

NinjaNoafa the Grappler (DrSh)                      Turns: 5916, Time: 00:20:19

Health: -3/63      AC:  7    Str: 21    XL:     9   Next: 40%
Magic:  9/9        EV: 11    Int:  8    God:    Hepliaklqana [*.....]
Gold:   275        SH:  5    Dex: 13    Spells: 8/8 levels left

rFire   + +          .
                       - Unarmed
rCold   . . .        r - +0 buckler of the Golden God {rF+}
rNeg    . . .        (body armour unavailable)
rPois   .            (helmet currently unavailable)
rElec   .            A - melded +1 cloak
rCorr   .            c - melded +0 pair of gloves
SInv    .            (boots currently unavailable)
Will    +....        F - amulet of magic regeneration
Stlth   +            z - ring of protection from fire
HPRegen 0.30/turn    (no ring)
MPRegen 0.51/turn

%: no passive effects
@: short of breath, beast-form
A: beast (slay +4), reduced essence, breathe power, AC +7, unfitting armour,
cold-blooded
a: Breathe Dispelling Energy, Begin Untransformation, Renounce Religion, Recall
Ancestor, Ancestor Identity


You were on level 7 of the Dungeon.
You worshipped Hepliaklqana.
Hepliaklqana was aware of your devotion.
You were a hulking beast.
You visited 1 branch of the dungeon, and saw 7 of its levels.
You also visited: Ossuary.

You collected 431 gold pieces.
You spent 156 gold pieces at shops.

Inventory:

Missiles
 f - 18 poisoned darts
 w - 5 boomerangs
Armour
 c - a +0 pair of gloves (melded)
 r - the +0 buckler of the Golden God (worn) {rF+}
   (You found it on level 3 of the Dungeon)

   rF:        It protects you from fire.
 A - a +1 cloak (melded)
Jewellery
 z - a ring of protection from fire (left hand)
 F - an amulet of magic regeneration (around neck)
Talismans
 b - a beast talisman
Wands
 v - a wand of digging (5)
 B - a wand of paralysis (9)
 C - a wand of flame (35)
Scrolls
 a - 8 scrolls of enchant weapon
 g - 2 scrolls of enchant armour
 h - 2 scrolls of teleportation
 j - 3 scrolls of poison
 k - a scroll of noise
 m - 2 scrolls of fear
 n - a scroll of blinking {unknown}
 x - 2 scrolls of fog
 y - a scroll of torment
 E - a scroll of revelation {unknown}
Potions
 d - a potion of curing
 e - a potion of brilliance
 i - 4 potions of heal wounds
 l - a potion of resistance
 o - 2 potions of haste
 q - 3 potions of attraction
 s - 2 potions of invisibility
 t - 2 potions of enlightenment
 u - 2 potions of might
 D - a potion of mutation {unknown}


   Skills:
 - Level 4.0 Fighting
 - Level 1.7 Dodging
 - Level 4.0 Shields
 * Level 10.0 Unarmed Combat
 + Level 6.4 Shapeshifting


You had 8 spell levels left.
You didn't know any spells.
Your spell library contained the following spells:

 Spells                   Type           Power      Damage    Failure   Level
 Kiss of Death            Conj/Necr      0%         2d5       47%         1
 Confusing Touch          Hex            0%         N/A       85%         3
 Volatile Blastmotes      Fire/Tloc      0%         2d10      85%         3
 Dispel Undead            Necr           0%         3d6       99%         4
 Fulminant Prism          Conj/Hex       0%         3d5       99%         4
 Iskenderun's Mystic Bla  Conj/Tloc      0%         2d3       99%         4


Dungeon Overview and Level Annotations

Branches:
Dungeon (7/15) Zot: 26648 Ossuary (visited)
 Temple: D:4-7

Altars:
Fedhas
Hepliaklqana
Kikubaaqudgha
Ru
Sif Muna

Shops:
D:2 *   D:3 *   D:7 *?(

Annotations:
D:4 2 transporters
D:7 Pikel


Innate Abilities, Weirdness & Mutations

You are a hulking beast.
Your limbs bulge with bestial killing power. (Slay +4)
Your life essence is reduced to manifest your ancestor. (-10% HP)
You can breathe bolts of dispelling energy.
Your rich purple scales are hard. (AC +7)
You cannot fit into any form of body armour.
You are cold-blooded and may be slowed by cold attacks.


Message History

The wight freezes you.
* * * LOW HITPOINT WARNING * * *
You take 2 damage, and have 19/63 hp.
Unknown command.
Unknown command.
You hit the wight but do no damage.
You feel a bit more experienced. The wight barely misses you.
Your Unarmed Combat skill increases to level 10!
You closely miss the wight.
Your tail-slap misses the wight.
The centaur wields a +0 orcbow.
The centaur shoots an arrow.
The arrow barely misses you.
The wight hits you with a +4 mace of freezing.
* * * LOW HITPOINT WARNING * * *
The wight freezes you.
* * * LOW HITPOINT WARNING * * *
You take 3 damage, and have 16/63 hp.
Aiming: Breathe Dispelling Energy (4% risk of failure)
Press: ? - help, Q - select action, (/) - cycle Shift-Dir - straight line, f - centaur
Aim: a centaur, wielding a +0 orcbow (71% to hit)
You breathe a bolt of dispelling energy.
The bolt of dispelling energy hits the centaur!
The centaur shoots an arrow.
The arrow barely misses you. The wight closely misses you.
Aiming: Mindburst
Press: ? - help, Shift-Dir - straight line, f/p - centaur
Aim: a centaur, wielding a +0 orcbow (heavily wounded, chance to affect: 64%)
The centaur struggles to resist.
The centaur shoots an arrow.
The arrow barely misses you. The wight barely misses you.
Aiming: Mindburst
Press: ? - help, Shift-Dir - straight line, f/p - centaur
Aim: a centaur, wielding a +0 orcbow (heavily wounded, chance to affect: 64%)
The centaur struggles to resist.
The wight barely misses you.
Aiming: Mindburst
Press: ? - help, Shift-Dir - straight line, f/p - centaur
Aim: a centaur, wielding a +0 orcbow (heavily wounded, chance to affect: 64%)
The centaur struggles to resist.
The now-empty wand crumbles to dust.
The centaur shoots an arrow.
The arrow hits you!
* * * LOW HITPOINT WARNING * * *
The wight hits you with a +4 mace of freezing!
You die...

.. ♣...≈≈...♣#)## #
♣○§.§○☼8§♣#..#
♣○§.°°..☼♣#..# .......
♣§°§§☼§○.♣#######
.c..... ♣○○§≈☼☼§°♣
##...# .......
♣☼☼○○○§§°♣ #..#.#
....... ♣.☼○°≈☼..♣
#(#..# .......
♣♣♣z°§§♣♣♣##.#(##
##....####h○☼.####..#.#
#..○☼c§§°§°○☼○○.§☼.##.#
#..###°○○##≈§######...#
#.○°##§°#####..###
#...○..#.##°§○.....##
#..°#§##...§..######
#.. ## ######## #.


You could see a centaur and a wight.

Vanquished Creatures
  Prince Ribbit (D:7)
  2 wraiths (Ossuary)
  A shadow (D:6)
  An acid dragon (D:6)
  An ice beast (D:6)
  A black bear (D:6)
  An elf zombie (D:6)
  A phantom (D:3)
  2 bullfrogs (D:7)
  2 gnoll sergeants
  5 scorpions
  5 wights
  An elf skeleton (D:6)
  2 gnoll boudas
  4 hounds
  A jelly (D:5)
  4 iguanas
  2 sleepcaps
  Jessica (D:2)
  An orc wizard (D:3)
  2 human skeletons (D:6)
  Robin (D:2)
  12 gnolls
  3 adders
  3 white imps
  A worm (D:5)
  3 dart slugs
  11 orcs
  8 bats
  4 endoplasms
  4 giant cockroaches
  18 goblins
  7 hobgoblins
  4 jackals (D:1)
  2 kobolds
  A quokka (D:1)
  8 ball pythons
  A frilled lizard (D:1)
  3 kobold zombies (Ossuary)
  2 orc skeletons
  2 orc zombies (Ossuary)
  6 rats
145 creatures vanquished.

Vanquished Creatures (collateral kills)
  A wight (D:7)
  A human zombie (D:6)
  An orc (D:6)
  A ball python skeleton (Ossuary)
  A hobgoblin skeleton (Ossuary)
  An orc skeleton (Ossuary)
6 creatures vanquished.

Vanquished Creatures (others)
  2 ancestors
  An orc (D:7)
3 creatures vanquished.

Grand Total: 154 creatures vanquished

Notes
Turn   | Place    | Note
-------+----------+-------------------------------------------
     0 | D:1      | NinjaNoafa the Draconian Shapeshifter began the quest for
                  | the Orb.
     0 | D:1      | Reached XP level 1. HP: 16/16 MP: 1/1
   225 | D:1      | Reached XP level 2. HP: 21/23 MP: 2/2
   482 | D:1      | Reached XP level 3. HP: 22/28 MP: 3/3
   947 | D:2      | Reached skill level 4 in Unarmed Combat
   990 | D:2      | Noticed Robin
  1005 | D:2      | Killed Robin
  1073 | D:2      | Found a faded altar of an unknown god.
  1155 | D:2      | Reached XP level 4. HP: 35/35 MP: 4/4
  1365 | D:2      | Noticed Jessica
  1373 | D:2      | Killed Jessica
  1550 | D:2      | Found Voceof's General Store.
  1555 | D:2      | Bought 2 potions of heal wounds for 100 gold pieces
  1733 | D:3      | Found a hazy altar of Hepliaklqana.
  1766 | D:3      | Identified the +0 buckler of the Golden God {rF+}
  2022 | D:3      | Found Robbetum's General Store.
  2372 | D:4      | Reached skill level 5 in Unarmed Combat
  2372 | D:4      | Reached XP level 5. HP: 40/40 MP: 5/5
  2428 | D:4      | Noticed a phantom
  2466 | D:3      | Killed a phantom
  2558 | D:4      | Reached XP level 6. HP: 38/47 MP: 6/6
  2683 | D:4      | Found a transporter.
  2711 | D:4      | Found a transporter.
  2725 | D:4      | Reached skill level 6 in Unarmed Combat
  3070 | D:4      | Found a blossoming altar of Fedhas.
  3085 | D:5      | Entered Level 5 of the Dungeon
  3348 | D:3      | Became a worshipper of Hepliaklqana the Forgotten
  3459 | D:5      | Found an ancient bone altar of Kikubaaqudgha.
  3665 | D:5      | Your scales start taking on a rich purple colour.
  3665 | D:5      | Reached XP level 7. HP: 52/52 MP: 7/7
  3748 | D:5      | Reached skill level 1 in Shields
  4116 | D:5      | Upgraded the game from 0.31-a0-355-g57cb03d3e8 to
                  | 0.31-a0-358-gac0dbeb3ab
  4224 | D:6      | Found a sacrificial altar of Ru.
  4547 | D:6      | Noticed a shadow
  4559 | D:6      | Killed a shadow
  4560 | D:6      | Reached skill level 7 in Unarmed Combat
  4560 | D:6      | Reached XP level 8. HP: 56/66 MP: 8/8
  4615 | D:6      | Found a sand-covered staircase.
  4624 | Ossuary  | Entered an ossuary
  4624 | Ossuary  | Reached * piety under Hepliaklqana
  4726 | Ossuary  | Noticed a flying skull
  4768 | Ossuary  | Noticed a flying skull
  4788 | Ossuary  | Reached skill level 5 in Shapeshifting
  4936 | Ossuary  | Noticed a flying skull
  5041 | Ossuary  | Reached skill level 8 in Unarmed Combat
  5401 | D:6      | Reached skill level 9 in Unarmed Combat
  5401 | D:6      | Reached XP level 9. HP: 52/63 MP: 7/9
  5468 | D:6      | Found a shimmering blue altar of Sif Muna.
  5604 | D:7      | Noticed Pikel
  5615 | D:7      | Noticed Prince Ribbit
  5682 | D:7      | Found Ofril's General Store.
  5699 | D:7      | Found Burady's Magic Scroll Shop.
  5699 | D:7      | Found Etsig's Weapon Shoppe.
  5707 | D:7      | Bought a scroll of fog for 56 gold pieces
  5911 | D:7      | Killed Prince Ribbit
  5912 | D:7      | Reached skill level 10 in Unarmed Combat
  5916 | D:7      | Slain by a wight

Illustrated notes

Levels and vault maps discovered:
D:1:      giann_bridges, layout_basic
D:2:      layout_basic, ebering_ecumenical_altar_ruins, serial_shops, shop,
          uniq_jessica, uniq_robin
D:3:      layout_basic, amcnicky_altar_gilded, serial_shops, shop,
          minmay_misc_feat_four_crosses
D:4:      gammafunk_cloud_chamber, layout_basic, kennysheep_mini_moat,
          hangedman_abyss_or_decor_lesser_grid
D:5:      layout_loops_corners, mainiacjoe_overflow_chevrons
D:6:      layout_rooms, mainiacjoe_overflow_cross_hatched, led_sif_pool,
          nicolae_ossuary_entry_catacombs
D:7:      layout_cave_pools, slow_altar_1, minmay_temple_entry_glassed_door,
          nicolae_wooded_promenade, corexii_corridor_pit, hex_large,
          eino_tiny_chamber, minmay_fractal_squares_5, uniq_prince_ribbit1,
          uniq_pikel

Skill      XL: |  1  2  3  4  5  6  7  8  9 |
---------------+----------------------------+-----
Unarmed Combat | 4 5 6 7 9 10 | 10.0
Shapeshifting  | 4 5 6 |  6.4
Shields        | 4 |  4.0
Fighting       | 4 |  4.0
Dodging        | |  1.7

Action                     |  1- 3 |  4- 6 |  7- 9 || total
---------------------------+-------+-------+-------++-------
  Melee: Unarmed           |    88 |   137 |   164 ||   389
         Tailslap          |     5 |    18 |    27 ||    50
 Invoke: Recall Ancestor   |       |       |     2 ||     2
         Ancestor Identity |       |       |     1 ||     1
Ability: Breathe Dispellin |       |       |    21 ||    21
  Evoke: Wand              |       |       |     7 ||     7
    Use: Potion            |     1 |     1 |     2 ||     4
         Scroll            |       |       |    17 ||    17
   Stab: Sleeping          |       |     2 |       ||     2
         Distracted        |       |     1 |     1 ||     2
 Armour: Skin              |    52 |    42 |    34 ||   128
  Dodge: Dodged            |    75 |    80 |    67 ||   222
  Block: Buckler           |       |    15 |    36 ||    51
         Form:             |       |     1 |     1 ||     2
         Beast             |       |     1 |     1 ||     2

Table legend: (Time is in decaauts)
 A = Elapsed time spent in this place.
 B = Non-inter-level travel time spent in this place.
 C = Inter-level travel time spent in this place.
 D = Time resting spent in this place.
 E = Time spent auto-exploring this place.
 F = Levels seen in this place.
 G = Mean time per level.
                   A        B        C        D        E       F      G
               +--------+--------+--------+--------+--------+-----+--------+
         Total |   5920 |   5386 |    534 |    524 |   3429 |   8 |  740.0 |
       Dungeon |   5430 |   4896 |    534 |    309 |   3310 |   7 |  775.7 |
       Ossuary |    490 |    490 |      0 |    215 |    119 |   1 |  490.0 |
               +--------+--------+--------+--------+--------+-----+--------+

Top non-repeatable levels by time:
     D:5: 1140 daAuts
     D:3: 874 daAuts
     D:1: 812 daAuts
     D:6: 793 daAuts
     D:2: 759 daAuts
     D:4: 725 daAuts
 Ossuary: 490 daAuts
     D:7: 325 daAuts
